 Dungeon Crawl Stone Soup version 0.16-a0-148-g3b84123 (webtiles) character file.

147 Jakon the Skirmisher (level 5, -2/34 HPs)
             Began as a Gargoyle Fighter on Aug 15, 2014.
             Killed by divine providence
             ... invoked by an orc priest
              (13 damage)
             ... on Level 3 of the Dungeon.
             The game lasted 00:07:32 (2236 turns).

Jakon the Skirmisher (Gargoyle Fighter)             Turns: 2236, Time: 00:07:32

HP  -2/34        AC 11     Str 20      XL: 5   Next: 29%
MP   5/5         EV  6     Int  8      God:
Gold 64          SH  9     Dex 10      Spells:  0 memorised,  4 levels left

rFire  . . .     SeeInvis .     a - +0 flail
rCold  . . .     Clarity  .     b - +0 scale mail
rNeg   + . .     rCorr    .     c - +0 shield
rPois  +         rRot     +     (no helmet)
rElec  +         Spirit   .     (no cloak)
SustAb .         Warding  .     (no gloves)
rMut   .         Stasis   .     (no boots)
Gourm  .                        (no amulet)
MR     .....                    (no ring)
                                (no ring)

@: not resistant to hostile enchantments, extremely unstealthy
A: negative energy resistance 1, electricity resistance, unbreathing,
petrification resistance, rot immunity, AC +4
a: no special abilities


You were on level 3 of the Dungeon.
You were not hungry.

You visited 1 branch of the dungeon, and saw 3 of its levels.

You collected 64 gold pieces.

Inventory:

Hand weapons
 a - a +0 flail (weapon)
Armour
 b - a +0 scale mail (worn)
 c - a +0 shield (worn)
Comestibles
 d - 2 bread rations
 f - 2 slices of pizza
 g - a chunk of goblin flesh
 i - a rotting chunk of kobold flesh
Scrolls
 e - a scroll of identify {unknown}
 j - 2 scrolls of teleportation {unknown}
 m - 4 scrolls of remove curse {unknown}
 n - a scroll of noise {unknown}
Jewellery
 l - an uncursed ring of flight {unknown}


   Skills:
 + Level 4.4 Fighting
 + Level 3.3 Maces & Flails
 + Level 4.0 Armour
 + Level 4.1 Shields


You had 4 spell levels left.
You didn't know any spells.

Dungeon Overview and Level Annotations

Branches:
Dungeon (3/15)

Altars:
Elyvilon
Gozag
Zin
The Shining One

Shops:
D:2 *


Innate Abilities, Weirdness & Mutations

You are resistant to torment.
You are immune to poison.
Your stone body is very resilient (AC +4).
You resist negative energy.
You are resistant to electric shocks.
You can survive without breathing.
You are immune to petrification.
You are immune to rotting.


Message History

The giant gecko bites you but does no damage.
The giant gecko bites you.
* * * LOW HITPOINT WARNING * * *
You sock the giant gecko!
You kill the giant gecko!
A rat comes into view.
The orc priest becomes somewhat translucent.
The orc priest looks braver.
The rat bites you but does no damage.
You barely miss the rat. The rat bites you but does no damage.
The orc priest invokes the aid of Beogh against you.
You barely resist. The rat closely misses you.
You barely miss the rat. You block the rat's attack.
You block the rat's attack.
You hit the rat.
You kill the rat!
You feel yourself speed up.
The orc priest invokes the aid of Beogh against you.
Something smites you!
You die...

#.###.###.....o..
#........l#
#####.##### #.#
#.# #.# #%# #o#
#@######.#
#..%.....#
##########


You could see an orc priest.

Vanquished Creatures
  Natasha (D:3)
  Jessica (D:3)
  5 adders
  2 worms (D:2)
  4 giant geckos
  An orc (D:3)
  A bat (D:2)
  5 hobgoblins
  6 kobolds
  2 quokkas (D:2)
  A ball python (D:2)
  3 giant cockroaches
  3 giant newts
  8 goblins
  8 rats
51 creatures vanquished.

Notes
Turn   | Place    | Note
--------------------------------------------------------------
     0 | D:1      | Jakon, the Gargoyle Fighter, began the quest for the Orb.
     0 | D:1      | Reached XP level 1. HP: 14/14 MP: 1/1
   220 | D:1      | Reached XP level 2. HP: 19/19 MP: 2/2
   811 | D:2      | Reached XP level 3. HP: 21/24 MP: 3/3
  1166 | D:2      | Reached skill level 4 in Fighting
  1180 | D:2      | Reached XP level 4. HP: 26/29 MP: 4/4
  1189 | D:2      | Found a glowing golden altar of the Shining One.
  1189 | D:2      | Found a glowing silver altar of Zin.
  1190 | D:2      | Found a white marble altar of Elyvilon.
  1228 | D:2      | Found Gozag's Nutrition Petition.
  1228 | D:2      | Found an opulent altar of Gozag.
  1896 | D:3      | Noticed Jessica
  1907 | D:3      | Killed Jessica
  2180 | D:3      | Noticed Natasha
  2189 | D:3      | Reached XP level 5. HP: 32/34 MP: 5/5
  2194 | D:3      | Killed Natasha
  2236 | D:3      | Killed from afar by an orc priest

Action                   |  1- 3 |  4- 6 || total
-------------------------+-------+-------++-------
Melee: Flail             |   114 |    88 ||   202
  Use: Potion            |     1 |       ||     1
  Eat: Chunk             |     1 |     4 ||     5
